AoeStats
← elnano4cchi

Arena

510240628Analyzed
4v4 RM · 24h ago on Sep 30, 2026· 50m 56s· 8 players
Game mode
Random Map
Map size
Large (8 player)
Population
200
Speed
Normal
Resources
Standard
Victory
Conquest
Starting age
Dark Age
Ending age
Imperial Age
RankedLock teamsTeams togetherTeam positionsShared explorationLock speedFull tech treeHidden civsTurbo modeCheats
Victory
Defeat
🇦🇺 Saracens · Australia
821
+11
🇨🇳 Persians · China
815
+11
🇲🇽 Cumans · Mexico
780
+12
🇦🇷 Byzantines · Argentina
726
+15
🇨🇦 Spanish · Canada
713
-13
🇩🇴 Franks · Dominican Republic
700
-12
🇲🇽 Romans · Mexico
692
-12
🇨🇦 Bohemians · Canada
686
-12
Juan86852
4:19 Loom
10:39 Feudal Age
12:31 Wheelbarrow
20:37 Castle Age
20:23 Stone Mining
20:56 Gold Mining
21:21 Forging
22:28 Double-Bit Axe
23:06 Horse Collar
31:59 Scale Barding Armor
33:01 Heavy Plow
34:49 Pikeman
35:31 Squires
39:05 Bow Saw
46:07 Imperial Age
madagascart
2:32 Loom
11:26 Feudal Age
17:19 Castle Age
15:26 Double-Bit Axe
16:34 Horse Collar
26:44 Fervor
28:06 Wheelbarrow
34:23 Imperial Age
35:05 Bow Saw
36:56 Chemistry
36:18 Ballistics
36:26 Scale Mail Armor
36:37 Forging
47:10 Wagenburg Tactics
vajamian
13:05 Feudal Age
14:39 Wheelbarrow
13:53 Double-Bit Axe
13:51 Horse Collar
15:11 Loom
19:03 Castle Age
18:13 Stone Mining
18:28 Gold Mining
19:52 Heavy Plow
21:12 Bow Saw
24:15 Fervor
24:39 Caravan
27:58 Hand Cart
29:20 Pikeman
30:01 Squires
31:19 Fletching
31:30 Padded Archer Armor
31:41 Forging
31:32 Scale Mail Armor
35:28 Husbandry
35:38 Bloodlines
37:38 Leather Archer Armor
37:19 Bodkin Arrow
37:29 Scale Barding Armor
38:42 Iron Casting
38:22 Chain Mail Armor
43:51 Imperial Age
42:25 Chain Barding Armor
43:43 Masonry
43:44 Fortified Wall
45:45 Chemistry
45:09 Conscription
44:13 Cavalier
45:41 Halberdier
48:12 Ring Archer Armor
48:35 Bracer
49:54 Blast Furnace
49:53 Plate Barding Armor
49:58 Plate Mail Armor
Nothing happened, go cry!
2:48 Loom
13:19 Feudal Age
15:20 Man-at-Arms
16:04 Arson
23:54 Double-Bit Axe
24:36 Fletching
25:07 Gold Mining
28:02 Stone Mining
32:39 Castle Age
33:34 Husbandry
34:30 Wheelbarrow
33:40 Town Watch
34:51 Bow Saw
34:58 Town Watch
35:56 Wheelbarrow
35:58 Gold Shaft Mining
35:04 Light Cavalry
36:52 Pikeman
37:33 Squires
38:34 Hand Cart
45:14 Imperial Age
42:44 Town Patrol
43:19 Long Swordsman
43:45 Gambesons
44:29 Scale Barding Armor
44:35 Forging
44:25 Scale Mail Armor
46:01 Caravan
45:58 Cavalier
47:41 Two-Handed Swordsman
49:48 Capped Ram
kwis
9:53 Feudal Age
11:57 Horse Collar
12:06 Double-Bit Axe
21:27 Castle Age
22:27 Fletching
23:15 Bodkin Arrow
28:34 Wheelbarrow
27:58 Gold Mining
31:24 Imperial Age
28:41 Town Watch
29:07 Crossbowman
29:50 Padded Archer Armor
34:14 Chemistry
33:47 Block Printing
34:15 Bracer
36:30 Conscription
37:03 Arbalester
37:54 Thumb Ring
39:20 Sanctity
40:31 Leather Archer Armor
42:07 Gold Shaft Mining
41:49 Hand Cart
43:42 Ring Archer Armor
44:09 Heavy Plow
44:41 Conscription
45:26 Illumination
46:35 Forging
46:30 Scale Barding Armor
46:06 Elite Mameluke
48:19 Stone Mining
观音的害怕
10:53 Feudal Age
11:49 Horse Collar
12:24 Double-Bit Axe
17:43 Castle Age
18:41 Bow Saw
18:59 Heavy Plow
30:30 Imperial Age
30:21 Wheelbarrow
29:42 Gold Mining
30:05 Forging
30:01 Scale Barding Armor
30:13 Bloodlines
30:06 Cavalier
31:08 Hand Cart
31:01 Capped Ram
31:43 Husbandry
32:35 Savar
34:13 Iron Casting
35:40 Gold Shaft Mining
35:44 Siege Ram
41:24 Blast Furnace
40:44 Chain Barding Armor
43:20 Crop Rotation
45:55 Plate Barding Armor
45:32 Elite War Elephant
lordwhite
1:26 Loom
13:09 Feudal Age
14:25 Wheelbarrow
23:35 Double-Bit Axe
23:35 Horse Collar
26:03 Castle Age
27:07 Hand Cart
27:43 Caravan
30:12 Squires
29:34 Man-at-Arms
29:36 Pikeman
30:06 Arson
32:37 Scale Mail Armor
32:47 Forging
32:43 Scale Barding Armor
32:29 Fletching
32:40 Padded Archer Armor
35:07 Steppe Husbandry
38:01 Imperial Age
36:51 Heavy Plow
37:04 Bow Saw
38:32 Capped Ram
40:14 Iron Casting
48:33 Chain Mail Armor
48:15 Bodkin Arrow
elnano4cchi
3:45 Loom
11:35 Feudal Age
15:02 Arson
14:47 Man-at-Arms
17:49 Forging
25:31 Castle Age
23:39 Stone Mining
23:36 Horse Collar
23:44 Double-Bit Axe
23:52 Gold Mining
27:33 Stone Shaft Mining
27:38 Gold Shaft Mining
27:05 Heavy Plow
27:17 Bow Saw
33:18 Iron Casting
34:45 Wheelbarrow
36:36 Scale Barding Armor
39:59 Imperial Age
38:25 Husbandry
40:03 Hand Cart
40:18 Chain Barding Armor
39:59 Scale Mail Armor
42:01 Logistica
43:18 Chemistry
46:14 Greek Fire
46:53 Hoardings
51:40 Two-Man Saw
51:13 Crop Rotation
51:16 Conscription
Connection lost

Rejoining the realm…

Still unreachable

The connection could not be restored.

Session expired

The server has moved on; the page needs a fresh start.